TOP OF THE 1ST |
Portland Angels batting - Pitching for Tijuana Toros : RHP Dean Aspden
|
Pitching: RHP Dean Aspden
|
|
Batting: RHB Daniel Molina
|
0-0: Ball 1-0: Ball 2-0: Called Strike 2-1: Ground out 6-3 (Groundball, 6, EV 85.6 MPH)
|
Batting: RHB Peter Westover
|
0-0: Swinging Strike 0-1: Fly out, F8 (Flyball, 78D, EV 99.4 MPH)
|
Batting: LHB Jonathon Walton
|
0-0: Called Strike 0-1: Ball 1-1: Called Strike 1-2: Ball 2-2: Ground out 6-3 (Groundball, 6M, EV 85.6 MPH)
|
Top of the 1st over - 0 runs, 0 hits, 0 errors, 0 left on base; Portland 0 - Tijuana 0 |
BOTTOM OF THE 1ST |
Tijuana Toros batting - Pitching for Portland Angels : LHP Adrian Orosco
|
Pitching: LHP Adrian Orosco
|
|
Batting: RHB Jason Baldwin
|
0-0: Ball 1-0: Ball 2-0: SINGLE (Groundball, 56D, EV 95.6 MPH)
|
Batting: LHB Jay Fenderson
|
0-0: Ball Jason Baldwin steals 2nd base 1-0: Foul Ball, location: 2F 1-1: Ball 2-1: Fly out, F8 (Flyball, 8LD, EV 108.1 MPH)
|
Batting: RHB Francisco de la Cruz
|
0-0: Ball 1-0: Called Strike 1-1: Ball 2-1: Ball Jason Baldwin steals 3rd, throwing error, E2 Jason Baldwin scores 3-1: Base on Balls
|
Batting: RHB Tommy Hunter
|
0-0: Called Strike 0-1: Foul Ball, location: 2F 0-2: Fielders Choice at 2nd, 5-4 (Groundball, 5, EV 103.1 MPH)
|
Batting: RHB Brad Brady
|
0-0: Ball Tommy Hunter steals 2nd base 1-0: Ball 2-0: Foul Ball, location: 2F 2-1: Swinging Strike 2-2: Foul Ball, location: 2F Balk! Tommy Hunter to third 2-2: Ball 3-2: Foul Ball, location: 2F 3-2: Foul Ball, location: 2F 3-2: Foul Ball, location: 2F 3-2: Base on Balls
|
Batting: LHB Fernão Manta
|
0-0: Ball 1-0: Ball 2-0: Ball Passed Ball! Tommy Hunter scores Brad Brady to second 3-0: Called Strike 3-1: Fly out, F5 (Popup, 25F, EV 78.1 MPH)
|
Bottom of the 1st over - 2 runs, 1 hit, 1 error, 1 left on base; Portland 0 - Tijuana 2 |
TOP OF THE 2ND |
Portland Angels batting - Pitching for Tijuana Toros : RHP Dean Aspden
|
Batting: LHB Dave Hicks
|
0-0: Ground out 4-3 (Groundball, 4, EV 110.0 MPH)
|
Batting: RHB Ricky Mejicanos
|
0-0: Swinging Strike 0-1: Foul Ball, location: 2F 0-2: Ground out 6-3 (Groundball, 56, EV 108.1 MPH)
|
Batting: SHB Danny Gelinas
|
0-0: Called Strike 0-1: Foul Ball, location: 2F 0-2: Fly out, F8 (Flyball, 89XD, EV 92.5 MPH)
|
Top of the 2nd over - 0 runs, 0 hits, 0 errors, 0 left on base; Portland 0 - Tijuana 2 |
BOTTOM OF THE 2ND |
Tijuana Toros batting - Pitching for Portland Angels : LHP Adrian Orosco
|
Batting: RHB Carlos Gonzalez
|
0-0: Foul Ball, location: 2F 0-1: Ball 1-1: SINGLE (Groundball, 56D, EV 104.4 MPH)
|
Batting: RHB Riemer de Jonge
|
0-0: Ball Carlos Gonzalez steals 2nd base 1-0: Ball 2-0: Ball 3-0: Base on Balls
|
Batting: LHB Jim Jardine
|
0-0: Ball 1-0: Ball 2-0: Foul Ball, location: 2F 2-1: Fly out, F7 (Flyball, 7D, EV 108.8 MPH) Runner from 2nd tags up, SAFE at 3rd, no throw by LF
|
Batting: RHB Jason Baldwin
|
0-0: Ball 1-0: Ball 2-0: SINGLE (Groundball, 6MD, EV 108.8 MPH) Carlos Gonzalez scores Riemer de Jonge to second
|
Batting: LHB Jay Fenderson
|
0-0: Foul Ball, location: 2F 0-1: Ball Passed Ball! Riemer de Jonge to third Jason Baldwin to second 1-1: Ball Wild Pitch! Riemer de Jonge scores Jason Baldwin to third 2-1: Ball 3-1: Base on Balls
|
Batting: RHB Francisco de la Cruz
|
0-0: Swinging Strike 0-1: Ball Jay Fenderson steals 2nd, throwing error, E2 Jason Baldwin scores Jay Fenderson to third 1-1: 2-RUN HOME RUN (Flyball, 78XD, EV 111.2 MPH), Distance : 433 ft
|
Batting: RHB Tommy Hunter
|
0-0: Ball 1-0: Ball 2-0: Ball 3-0: Called Strike 3-1: Called Strike 3-2: Base on Balls
|
Batting: RHB Brad Brady
|
0-0: Ball Tommy Hunter steals 2nd base 1-0: Called Strike 1-1: Ball Balk! Tommy Hunter to third 2-1: Ball 3-1: Base on Balls
|
Pitching: RHP Noah Pena
|
|
Batting: LHB Fernão Manta
|
0-0: Ball 1-0: Called Strike 1-1: Called Strike 1-2: Fly out, F7 (Flyball, 7, EV 96.9 MPH) Runner from 3rd tags up, SCORES, no throw by LF
|
Batting: RHB Carlos Gonzalez
|
0-0: Ball 1-0: Ball 2-0: Ball 3-0: Base on Balls Brad Brady to second
|
Batting: RHB Riemer de Jonge
|
0-0: Swinging Strike Passed Ball! Brad Brady to third Carlos Gonzalez to second 0-1: SINGLE (Groundball, 56D, EV 96.9 MPH) Brad Brady scores Carlos Gonzalez to third Runner from 3rd tries for Home, SAFE, throw by LF to home
|
Batting: LHB Jim Jardine
|
0-0: Called Strike 0-1: Ball 1-1: Foul Ball, location: 2F Balk! Riemer de Jonge to second 1-2: Ball 2-2: Ball 3-2: Foul Ball, location: 2F 3-2: Foul Ball, location: 2F 3-2: Foul Ball, location: 2F 3-2: Base on Balls
|
Batting: RHB Jason Baldwin
|
0-0: Ball Passed Ball! Riemer de Jonge to third Jim Jardine to second 1-0: Fly out, F7 (Flyball, 7S, EV 88.8 MPH)
|
Bottom of the 2nd over - 8 runs, 4 hits, 1 error, 2 left on base; Portland 0 - Tijuana 10 |
TOP OF THE 3RD |
Portland Angels batting - Pitching for Tijuana Toros : RHP Dean Aspden
|
Batting: RHB Dan Myers
|
0-0: SINGLE (Line Drive, 9LS, EV 101.2 MPH)
|
Batting: RHB Rory Cobb
|
0-0: SINGLE (Groundball, 6, EV 94.4 MPH) Dan Myers to second
|
Batting: RHB Carlos Gonzales
|
0-0: Called Strike 0-1: Ball 1-1: Ball 2-1: SINGLE (Groundball, 56S, EV 75.6 MPH) (infield hit) Dan Myers to third Rory Cobb to second
|
Batting: RHB Daniel Molina
|
0-0: Foul Ball, location: 2F 0-1: Called Strike 0-2: Strikes out swinging
|
Batting: RHB Peter Westover
|
0-0: Fly out, F9 (Line Drive, 9D, EV 88.8 MPH) Runner from 3rd tags up, SCORES, throw by RF Rory Cobb to third
|
Batting: LHB Jonathon Walton
|
0-0: Called Strike 0-1: Foul Ball, location: 2F 0-2: Ball 1-2: Ball 2-2: Ball 3-2: SINGLE (Line Drive, 89S, EV 93.1 MPH) Rory Cobb scores Carlos Gonzales to second Carlos Gonzales to third
|
Batting: LHB Dave Hicks
|
0-0: Ball 1-0: Fly out, F5 (Popup, 56, EV 76.2 MPH)
|
Top of the 3rd over - 2 runs, 4 hits, 0 errors, 2 left on base; Portland 2 - Tijuana 10 |
BOTTOM OF THE 3RD |
Tijuana Toros batting - Pitching for Portland Angels : RHP Noah Pena
|
Batting: LHB Jay Fenderson
|
0-0: Ball 1-0: Ball 2-0: Fly out, F2 (Popup, 23F, EV 78.8 MPH)
|
Batting: RHB Francisco de la Cruz
|
0-0: Ball 1-0: Swinging Strike 1-1: Fly out, F3 (Popup, 3F, EV 69.4 MPH)
|
Batting: RHB Tommy Hunter
|
0-0: Called Strike 0-1: Ball 1-1: Swinging Strike 1-2: Fly out, F3 (Line Drive, 3, EV 69.4 MPH)
|
Bottom of the 3rd over - 0 runs, 0 hits, 0 errors, 0 left on base; Portland 2 - Tijuana 10 |
TOP OF THE 4TH |
Portland Angels batting - Pitching for Tijuana Toros : RHP Dean Aspden
|
Batting: RHB Ricky Mejicanos
|
0-0: Ground out 6-3 (Groundball, 6, EV 76.2 MPH)
|
Batting: SHB Danny Gelinas
|
0-0: Called Strike 0-1: Hit by Pitch
|
Batting: RHB Dan Myers
|
0-0: Foul Ball, location: 2F 0-1: Ball 1-1: SINGLE (Groundball, 4MD, EV 95.6 MPH) Danny Gelinas to second
|
Batting: RHB Rory Cobb
|
0-0: Ball 1-0: Fly out, F8 (Flyball, 8RXD, EV 80.0 MPH) Runner from 2nd tags up, SAFE at 3rd, no throw by CF
|
Batting: RHB Carlos Gonzales
|
0-0: Ball 1-0: Called Strike 1-1: Called Strike 1-2: Strikes out swinging
|
Top of the 4th over - 0 runs, 1 hit, 0 errors, 2 left on base; Portland 2 - Tijuana 10 |
BOTTOM OF THE 4TH |
Tijuana Toros batting - Pitching for Portland Angels : RHP Noah Pena
|
Batting: RHB Brad Brady
|
0-0: Called Strike 0-1: Called Strike 0-2: Hit by Pitch
|
Batting: LHB Fernão Manta
|
0-0: Ball 1-0: Called Strike 1-1: Ball Wild Pitch! Brad Brady to second 2-1: Ball Wild Pitch! Brad Brady to third 3-1: Base on Balls
|
Batting: RHB Carlos Gonzalez
|
0-0: Called Strike 0-1: Ball 1-1: Foul Ball, location: 2F 1-2: SINGLE (Flyball, 4D, EV 92.5 MPH) Brad Brady scores Fernão Manta to second
|
Batting: RHB Riemer de Jonge
|
0-0: Called Strike 0-1: Ball 1-1: Ball 2-1: Foul Ball, location: 2F 2-2: Ball 3-2: Base on Balls Fernão Manta to third Carlos Gonzalez to second
|
Batting: LHB Jim Jardine
|
0-0: Ball 1-0: Ball 2-0: Ball 3-0: Called Strike 3-1: Base on Balls Fernão Manta scores Carlos Gonzalez to third Riemer de Jonge to second
|
Pitching: RHP Sean Rocha
|
|
Batting: RHB Jason Baldwin
|
0-0: Ball 1-0: Swinging Strike 1-1: Fly out, F8 (Flyball, 8LD, EV 90.6 MPH)
|
Batting: LHB Jay Fenderson
|
0-0: SINGLE (Groundball, 4M, EV 91.2 MPH) (infield hit) Carlos Gonzalez scores Riemer de Jonge to third Jim Jardine to second
|
Batting: RHB Francisco de la Cruz
|
0-0: Called Strike Passed Ball! Riemer de Jonge scores Jim Jardine to third Jay Fenderson to second 0-1: Ball 1-1: SINGLE (Line Drive, 56D, EV 98.1 MPH) Jim Jardine scores Jay Fenderson to third Runner from 3rd tries for Home, throw by LF and OUT! 7-2
|
Batting: RHB Tommy Hunter
|
0-0: Ball 1-0: Ground out 1-3 (Groundball, 23, EV 73.8 MPH)
|
Bottom of the 4th over - 5 runs, 3 hits, 0 errors, 1 left on base; Portland 2 - Tijuana 15 |
TOP OF THE 5TH |
Portland Angels batting - Pitching for Tijuana Toros : RHP Dean Aspden
|
Batting: RHB Daniel Molina
|
0-0: Called Strike 0-1: Ball 1-1: Called Strike 1-2: Ball 2-2: Fly out, F4 (Line Drive, 4, EV 73.1 MPH)
|
Batting: RHB Peter Westover
|
0-0: Hit by Pitch
|
Batting: LHB Jonathon Walton
|
0-0: Ball 1-0: Foul Ball, location: 2F 1-1: Foul Ball, location: 2F 1-2: Grounds into double play, 6-4-3 (Groundball, 6, EV 83.1 MPH)
|
Top of the 5th over - 0 runs, 0 hits, 0 errors, 0 left on base; Portland 2 - Tijuana 15 |
BOTTOM OF THE 5TH |
Tijuana Toros batting - Pitching for Portland Angels : RHP Sean Rocha
|
Batting: RHB Brad Brady
|
0-0: Ball 1-0: Ball 2-0: Reached on error, E8 (Flyball, 8RD, EV 95.0 MPH)
|
Batting: LHB Fernão Manta
|
0-0: Called Strike 0-1: Called Strike 0-2: Foul Ball, location: 2F 0-2: Strikes out looking
|
Batting: RHB Carlos Gonzalez
|
0-0: Ball Balk! Brad Brady to third 1-0: Ball 2-0: Called Strike 2-1: Foul Ball, location: 2F 2-2: Strikes out swinging
|
Batting: RHB Riemer de Jonge
|
0-0: Ground out 6-3 (Groundball, 6S, EV 85.6 MPH)
|
Bottom of the 5th over - 0 runs, 0 hits, 1 error, 1 left on base; Portland 2 - Tijuana 15 |
TOP OF THE 6TH |
Portland Angels batting - Pitching for Tijuana Toros : RHP Dean Aspden
|
Batting: LHB Dave Hicks
|
0-0: SINGLE (Line Drive, 89S, EV 101.9 MPH)
|
Batting: RHB Ricky Mejicanos
|
0-0: Swinging Strike 0-1: Foul Ball, location: 2F 0-2: Foul Ball, location: 2F 0-2: Strikes out swinging
|
Batting: SHB Danny Gelinas
|
0-0: Called Strike Dave Hicks steals 2nd base 0-1: Ball 1-1: Foul Ball, location: 2F 1-2: Ball 2-2: Foul Ball, location: 2F 2-2: Ball 3-2: Base on Balls
|
Batting: RHB Dan Myers
|
0-0: Foul Ball, location: 2F 0-1: Grounds into double play, 4-6-3 (Groundball, 34, EV 86.9 MPH)
|
Top of the 6th over - 0 runs, 1 hit, 0 errors, 1 left on base; Portland 2 - Tijuana 15 |
BOTTOM OF THE 6TH |
Tijuana Toros batting - Pitching for Portland Angels : RHP Sean Rocha
|
Batting: LHB Jim Jardine
|
0-0: Ball 1-0: SINGLE (Groundball, 4D, EV 96.9 MPH)
|
Batting: RHB Jason Baldwin
|
0-0: Foul Ball, location: 2F 0-1: Ball 1-1: Called Strike 1-2: Fly out, F3 (Popup, 3SF, EV 86.9 MPH)
|
Batting: LHB Jay Fenderson
|
0-0: Ball 1-0: Fielders Choice at 2nd, 5-4 (Groundball, 56, EV 79.4 MPH)
|
Batting: RHB Francisco de la Cruz
|
Balk! Jay Fenderson to second 0-0: Ball 1-0: Foul Ball, location: 2F 1-1: Ball Wild Pitch! Jay Fenderson to third 2-1: Ball 3-1: Base on Balls
|
Batting: RHB Tommy Hunter
|
0-0: Ball 1-0: Foul Ball, location: 2F 1-1: Ball 2-1: Foul Ball, location: 2F 2-2: TRIPLE (Line Drive, 8RXD, EV 96.2 MPH) Jay Fenderson scores Francisco de la Cruz scores
|
Pitching: RHP Trevor Kingston
|
|
Batting: RHB Brad Brady
|
0-0: Called Strike 0-1: Foul Ball, location: 2F 0-2: Ball 1-2: Fly out, F8 (Line Drive, 8RD, EV 88.8 MPH)
|
Bottom of the 6th over - 2 runs, 2 hits, 0 errors, 1 left on base; Portland 2 - Tijuana 17 |
TOP OF THE 7TH |
Portland Angels batting - Pitching for Tijuana Toros : RHP Dean Aspden
|
Batting: RHB Rory Cobb
|
0-0: Foul Ball, location: 2F 0-1: Called Strike 0-2: Fly out, F9 (Flyball, 9, EV 71.2 MPH)
|
Batting: RHB Carlos Gonzales
|
0-0: Fly out, F8 (Flyball, 8RM, EV 78.1 MPH)
|
Batting: RHB Daniel Molina
|
0-0: Foul Ball, location: 2F 0-1: Ball 1-1: Swinging Strike 1-2: Foul Ball, location: 2F 1-2: Foul Ball, location: 2F 1-2: Foul Ball, location: 2F 1-2: Strikes out swinging
|
Top of the 7th over - 0 runs, 0 hits, 0 errors, 0 left on base; Portland 2 - Tijuana 17 |
BOTTOM OF THE 7TH |
Tijuana Toros batting - Pitching for Portland Angels : RHP Trevor Kingston
|
Batting: LHB Fernão Manta
|
0-0: Called Strike 0-1: Called Strike 0-2: Ball 1-2: Strikes out swinging
|
Batting: RHB Carlos Gonzalez
|
0-0: Ball 1-0: Ball 2-0: Fly out, F9 (Flyball, 9, EV 86.2 MPH)
|
Batting: RHB Riemer de Jonge
|
0-0: Ball 1-0: Called Strike 1-1: Foul Ball, location: 2F 1-2: Foul Ball, location: 2F 1-2: Ball 2-2: Ball 3-2: SINGLE (Groundball, 34D, EV 106.9 MPH)
|
Batting: LHB Jim Jardine
|
0-0: Ball 1-0: Called Strike 1-1: Called Strike 1-2: Ball 2-2: Foul Ball, location: 2F 2-2: Ball 3-2: Foul Ball, location: 2F 3-2: DOUBLE (Line Drive, 5D, EV 96.9 MPH) Riemer de Jonge to third Riemer de Jonge scores
|
Batting: RHB Jason Baldwin
|
0-0: Ball 1-0: Called Strike 1-1: Ground out 5-3 (Groundball, 56S, EV 82.5 MPH)
|
Bottom of the 7th over - 1 run, 2 hits, 0 errors, 1 left on base; Portland 2 - Tijuana 18 |
TOP OF THE 8TH |
Portland Angels batting - Pitching for Tijuana Toros : RHP Dean Aspden
|
Batting: RHB Peter Westover
|
0-0: Ball 1-0: Ball 2-0: SINGLE (Groundball, 5D, EV 104.4 MPH)
|
Batting: LHB Jonathon Walton
|
0-0: Ball 1-0: Called Strike 1-1: Called Strike 1-2: Ball 2-2: Foul Ball, location: 2F 2-2: Ball 3-2: SINGLE (Line Drive, 9S, EV 94.4 MPH) Peter Westover to second
|
Pitching: RHP Cory Bowler
|
|
Batting: LHB Dave Hicks
|
0-0: Called Strike 0-1: Fly out, F9 (Flyball, 89M, EV 88.1 MPH)
|
Batting: RHB Ricky Mejicanos
|
0-0: Grounds into double play, U6-3 (Groundball, 4M, EV 85.0 MPH)
|
Top of the 8th over - 0 runs, 2 hits, 0 errors, 1 left on base; Portland 2 - Tijuana 18 |
BOTTOM OF THE 8TH |
Tijuana Toros batting - Pitching for Portland Angels : RHP Trevor Kingston
|
Batting: LHB Jay Fenderson
|
0-0: Ball 1-0: Fly out, F7 (Flyball, 7D, EV 98.8 MPH)
|
Batting: RHB Francisco de la Cruz
|
0-0: SOLO HOME RUN (Flyball, 7D, EV 100.0 MPH), Distance : 387 ft
|
Batting: RHB Tommy Hunter
|
0-0: Ball 1-0: Foul Ball, location: 2F 1-1: SOLO HOME RUN (Flyball, 9D, EV 94.4 MPH), Distance : 366 ft
|
Batting: RHB Brad Brady
|
0-0: Called Strike 0-1: SINGLE (Line Drive, 89S, EV 92.5 MPH)
|
Batting: LHB Fernão Manta
|
0-0: Foul Ball, location: 2F 0-1: Ball 1-1: Foul Ball, location: 2F 1-2: Ball 2-2: Ball 3-2: Base on Balls Brad Brady to second
|
Batting: RHB Carlos Gonzalez
|
0-0: Called Strike 0-1: Grounds into double play, 6-4-3 (Groundball, 56, EV 79.4 MPH)
|
Bottom of the 8th over - 2 runs, 3 hits, 0 errors, 1 left on base; Portland 2 - Tijuana 20 |
TOP OF THE 9TH |
Portland Angels batting - Pitching for Tijuana Toros : RHP Cory Bowler
|
Batting: SHB Danny Gelinas
|
0-0: Ball 1-0: Ball 2-0: Ball 3-0: Base on Balls
|
Batting: RHB Dan Myers
|
0-0: Fly out, F3 (Popup, 3F, EV 76.2 MPH)
|
Batting: RHB Rory Cobb
|
0-0: Fielders Choice at 2nd, 3-6 (Groundball, 3, EV 80.0 MPH)
|
Batting: RHB Carlos Gonzales
|
0-0: Called Strike 0-1: Fly out, F5 (Popup, 5, EV 64.4 MPH)
|
Top of the 9th over - 0 runs, 0 hits, 0 errors, 1 left on base; Portland 2 - Tijuana 20 |
|